 Dungeon Crawl Stone Soup version 0.18-b1-2-gd0c887e (webtiles) character file.

50 RudyRod the Grave Robber (level 3, -14/24 HPs)
             Began as a Demonspawn Necromancer on Apr 28, 2016.
             Killed from afar by a quokka skeleton (23 damage)
             ... with an exploding inner flame
             ... animated by the player character
             ... hexed by the player character
             ... on level 2 of the Dungeon.
             The game lasted 00:31:39 (1076 turns).

RudyRod the Grave Robber (Demonspawn Necromancer)   Turns: 1076, Time: 00:31:39

Health: -14/24     AC:  2    Str:  8    XL:     3   Next: 55%
Magic:  0/7        EV: 12    Int: 17    God:
Gold:   80         SH:  0    Dex: 13    Spells: 2 memorised, 5 levels left

rFire  . . .     SeeInvis .     g - +0 club
rCold  . . .     Gourm    .     o - +0 robe (curse)
rNeg   + . .     Faith    .     (no shield)
rPois  .         Spirit   +     (helmet restricted)
rElec  .         Dismiss  .     (no cloak)
rCorr  .         Reflect  .     (no gloves)
SustAt .         Harm     .     (no boots)
MR     .....                    (no amulet)
Stlth  ++........               (no ring)
                                l - ring of positive energy

@: not resistant to hostile enchantments, unstealthy
A: antennae 1, magic shield
a: no special abilities


You were on level 2 of the Dungeon.
You were not hungry.

You visited 1 branch of the dungeon, and saw 2 of its levels.

You collected 80 gold pieces.

Inventory:

Hand Weapons
 d - a +0 dagger
 g - a +0 club (weapon)
Armour
 a - a +0 robe
 h - a +0 ring mail
 i - a cursed +0 chain mail
 o - a cursed +0 robe (worn)
Jewellery
 l - a ring of positive energy (left hand)
Scrolls
 j - a scroll of fog {unknown}
 r - a scroll of identify {unknown}
 s - a scroll of noise {unknown}
Potions
 f - a potion of might {unknown}
 m - a potion of heal wounds {unknown}
 q - 3 potions of curing {unknown}
Books
 b - a book of Necromancy

   Spells                             Type                      Level
   a - Pain                           Necromancy                   1
   b - Animate Skeleton               Necromancy                   1
   c - Vampiric Draining              Necromancy                   3
   d - Regeneration                   Charms/Necromancy            3
   e - Animate Dead                   Necromancy                   4
   f - Control Undead                 Necromancy                   4
Comestibles
 c - 3 bread rations
 k - a meat ration
 n - a royal jelly
 p - 3 chunks of flesh


   Skills:
 + Level 0.2 Fighting
 + Level 1.9 Dodging
 + Level 1.8 Stealth
 + Level 2.7 Spellcasting
 + Level 5.1 Necromancy


You had 5 spell levels left.
You knew the following spells:

 Your Spells              Type           Power        Failure   Level  Hunger
a - Pain                  Necr           ###.         2%          1    #......
b - Animate Skeleton      Necr           N/A          2%          1    #......


Dungeon Overview and Level Annotations

Branches:
Dungeon (2/15)

Altars:


Innate Abilities, Weirdness & Mutations

You have a pair of small antennae on your head.
When hurt, damage is shared between your health and your magic reserves.


Message History

You now have 80 gold pieces (gained 10).
s - a scroll labeled DABREN JUECO Read which item? (? for menu, Esc to quit)
As you read the scroll labeled FIOSOJ WIYRPHU, it crumbles to dust.
The creatures around you are filled with an inner flame!
It was a scroll of immolation.
You see here a hand axe. 2 adders come into view.
You swap places.
The adder bites your quokka skeleton.
Your quokka skeleton bites the adder.
The adder barely misses your quokka skeleton.
The adder bites your quokka skeleton.
Your quokka skeleton explodes!
The fiery explosion engulfs the adder.
You kill the adder!
The fiery explosion engulfs your quokka skeleton.
Your quokka skeleton explodes!
The fiery explosion engulfs you! x2
Ouch! That really hurt!
You die...

#..................#
#..#.#.##......####..
..##.#.##......#
#..#.#.###...###
..#.###...#
.........##
.##......######
#§.#.........
##§@)..#######
##§§§##.# #.§####.#
#........# #.#
#............#
.......S.#####
#........# ##########


There were no monsters in sight!

Vanquished Creatures
  An adder (D:2)
  An ooze (D:1)
  2 dart slugs
  3 bats (D:1)
  2 giant cockroaches
  2 goblins (D:1)
  6 hobgoblins (D:1)
  2 quokkas (D:2)
  6 kobolds (D:1)
  5 rats (D:1)
30 creatures vanquished.

Vanquished Creatures (collateral kills)
  A dart slug (D:2)
  A goblin (D:2)
  A hobgoblin (D:2)
  A bat (D:2)
  A giant newt (D:2)
  A rat (D:2)
6 creatures vanquished.

Grand Total: 36 creatures vanquished

Notes
Turn   | Place    | Note
--------------------------------------------------------------
     0 | D:1      | RudyRod the Demonspawn Necromancer began the quest for the Orb.
     0 | D:1      | Reached XP level 1. HP: 13/13 MP: 3/3
     2 | D:1      | Learned a level 1 spell: Animate Skeleton
   204 | D:1      | Gained mutation: When hurt, damage is shared between your health and your magic reserves. [demonic ancestry]
   204 | D:1      | Reached XP level 2. HP: 13/19 MP: 0/5
   380 | D:1      | Reached skill level 5 in Necromancy
   811 | D:1      | Gained mutation: You have a pair of small antennae on your head. [demonic ancestry]
   811 | D:1      | Reached XP level 3. HP: 22/24 MP: 2/6
  1076 | D:2      | Killed from afar by a quokka skeleton

Skill      XL: |  1  2 |
---------------+-------+-----
Necromancy     | 5 |  5.1
Fighting       | |  0.2
Dodging        | |  1.9
Stealth        | |  1.8
Spellcasting   | |  2.7

Action                   || total
-------------------------++-------
Melee: Unarmed           ||     8
       Dagger            ||     5
       Club              ||     4
 Cast: Pain              ||    40
       Animate Skeleton  ||     6
  Use: Scroll            ||     1
  Eat: Chunk             ||     1
Armor: Robe              ||     8
Dodge: Dodged            ||    17
